Map: Станция Кайрос РВ

Players

sergeyvbo - Winner!

  • Race: Zerg Zerg
  • League: Platinum
  • Spawn Location: 11:00

ИИ 1 (эксперт)

  • Race: Zerg Zerg
  • Spawn Location: 5:00

VOD

Have the link to the VOD?

Description

Time

  • Played on: March 1, 2019, 10:02 a.m.
  • Length: 5:03
Show
View Real Time Build Order
Export as new Build Order

sergeyvbo Zerg - Winner!

Build Orders: Pool Only, Roach Nydus 

Get SALT Encoding   

  12  0:17  Spawning Pool  
  11  0:24  Extractor  
  11  0:26  Drone  
  11  0:29  Drone  
  11  0:34  Drone  
  13  0:44  Overlord  
  13  0:50  Drone  
  14  1:06  Queen  
  16  1:14  Drone  
  16  1:15  Drone  
  18  1:42  Lair  
  18  1:48  Drone x3  
  21  1:57  Roach Warren  
  21  2:01  Drone  
  21  2:16  Overlord x2  
  21  2:41  Nydus Network  
  21  2:42  Queen  
  22  2:44  Zergling x2  
  22  2:46  Roach  
  22  2:50  Roach  
  27  2:56  Roach  
  29  3:01  Roach  
  31  3:07  Roach  
  33  3:17  Zergling x2  
  33  3:18  Zergling x2  
  35  3:27  Nydus Canal  
  35  3:35  Roach  
  37  3:53  Nydus Canal  
  38  3:55  Zergling x2  
  14  4:45  Zergling x6  
Show
View Real Time Build Order
Export as new Build Order

ИИ 1 (эксперт) Zerg 

Build Orders: Pool First 

Get SALT Encoding   

  12  0:00  Drone  
  13  0:12  Overlord  
  13  0:17  Drone  
  14  0:30  Drone  
  15  0:39  Spawning Pool  
  15  0:40  Drone  
  15  0:45  Drone  
  15  0:49  Drone  
  17  0:52  Extractor  
  17  0:55  Drone  
  17  1:06  Drone  
  18  1:17  Drone  
  19  1:26  Queen  
  19  1:27  Zergling x2  
  19  1:28  Roach Warren  
  21  1:38  Drone  
  22  1:49  Overlord  
  22  1:59  Overlord  
  22  2:10  Roach  
  24  2:21  Roach  
  26  2:24  Hatchery  
  25  2:32  Drone  
  25  2:33  Roach x2  
  32  2:37  Roach  
  32  2:43  Roach  
  34  2:53  Overlord  
  34  2:55  Metabolic Boost  
  35  3:05  Zergling x4  
  35  3:06  Zergling x2  
  37  3:16  Zergling x2  
  39  3:27  Zergling x2  
  39  3:36  Extractor, Lair, Drone x2  
  39  3:37  Zergling x2  
  39  3:38  Drone  
  42  4:01  Drone  
  43  4:04  Drone  
  44  4:10  Overlord  
  41  4:21  Queen  
  35  4:27  Zergling x2  
  27  4:33  Drone  
  27  4:38  Zergling x2, Drone  
  27  4:39  Drone  
Tags
 
Add a new tag
Caveats
  • Supply blocks, unpowered buildings, or Contaminate may cause inaccurate times.
  • Supply counts are checked every 10 seconds.